 Dungeon Crawl Stone Soup version 0.23-a0-473-gc8aadda (webtiles) character file.

3688 theanonym the Fighter (level 9, -2/76 HPs)
             Began as a Mummy Warper on Nov 28, 2018.
             Was a Priest of Okawaru.
             Killed from afar by a centaur (21 damage)
             ... with a wand of acid (9)
             ... on level 8 of the Dungeon.
             The game lasted 00:13:01 (7954 turns).

theanonym the Fighter (Mummy Warper)                Turns: 7954, Time: 00:13:02

Health: -2/76      AC:  4    Str: 17    XL:     9   Next: 90%
Magic:  13/13      EV:  0    Int: 13    God:    Okawaru [***...]
Gold:   464        SH: 11    Dex: 11    Spells: 4/13 levels left

rFire    + . .     SeeInvis .   b - +2 short sword (freeze)
rCold    + . .     Gourm    .   o - +0 large shield
rNeg     + + +     Faith    .   m - +1 plate armour
rPois    ∞         Spirit   .   (no helmet)
rElec    .         Reflect  .   (no cloak)
rCorr    .         Harm     .   (no gloves)
MR       +....                  s - +0 pair of boots
Stlth    ..........             e - amulet of regeneration
HPRegen  0.62/turn              i - ring of protection from fire
MPRegen  0.13/turn              d - ring of protection from fire

@: corroded, studying Armour
A: no food or potions, fire vulnerability, cold resistance 1, negative energy
resistance 3, torment resistance, unbreathing
a: Heroism, Renounce Religion


Innate Abilities, Weirdness & Mutations

You do not eat or drink.
Your flesh is vulnerable to fire.
You are immune to poison.
Your flesh is cold resistant. (rC+)
You are immune to negative energy. (rN+++)
You are immune to unholy pain and torment.
You can survive without breathing.


   Skills:
 + Level 9.3 Fighting
 - Level 6.5 Short Blades
 * Level 5.8 Bows
 - Level 0.7 Throwing
 - Level 0.7 Armour
 - Level 1.5 Dodging
 - Level 2.6 Spellcasting
 - Level 2.4 Translocations
 - Level 3.0 Invocations


You had 4 spell levels left.
You knew the following spells:

 Your Spells              Type           Power        Failure   Level  Hunger
a - Passage of Golubria   Tloc           N/A          100%        4    N/A
e - Lesser Beckoning      Tloc           #.........   100%        3    N/A
l - Blink                 Tloc           N/A          100%        2    N/A

Your spell library contained the following spells:

 Spells                   Type           Power        Failure   Level  Hunger
 Sting                    Conj/Pois      #...         100%        1    N/A
 Summon Small Mammal      Summ           #...         100%        1    N/A
 Call Imp                 Summ           #.......     100%        2    N/A
 Poisonous Vapours        Pois/Air       #.....       100%        2    N/A
 Shroud of Golubria       Chrm/Tloc      #.........   100%        2    N/A
 Call Canine Familiar     Summ           #.......     100%        3    N/A
 Gell's Gravitas          Tloc           #.........   100%        3    N/A
 Mephitic Cloud           Conj/Pois/Air  #.......     100%        3    N/A
 Summon Guardian Golem    Hex/Summ       #.......     100%        3    N/A
 Teleport Other           Tloc           #.......     100%        3    N/A
 Cause Fear               Hex            #.........   100%        4    N/A
 Olgreb's Toxic Radiance  Pois           #.......     100%        4    N/A
 Summon Ice Beast         Ice/Summ       #.......     100%        4    N/A
 Summon Lightning Spire   Summ/Air       #.......     100%        4    N/A
 Silence                  Hex/Air        #.........   100%        5    N/A
 Venom Bolt               Conj/Pois      #.........   100%        5    N/A
 Yara's Violent Unravell  Hex/Tmut       #.........   100%        5    N/A
 Deflect Missiles         Chrm/Air       #.........   100%        6    N/A
 Discord                  Hex            #.........   100%        8    N/A

Skill      XL: |  1  2  3  4  5  6  7  8  9 |
---------------+----------------------------+-----
Short Blades   | 2 3 4 5 6 |  6.5
Fighting       | 3 4 5 6 8 9 |  9.3
Invocations    | 2 3 |  3.0
Bows           | 2 5 |  5.8
Throwing       | |  0.7
Armour         | |  0.7
Dodging        | |  1.5
Spellcasting   | |  2.6
Translocations | |  2.4

Action                   |  1- 3 |  4- 6 |  7- 9 || total
-------------------------+-------+-------+-------++-------
Melee: Short sword       |   131 |   285 |   879 ||  1295
Evoke: Wand              |       |     2 |     6 ||     8
  Use: Scroll            |       |     4 |     7 ||    11
Armor: Leather armour    |    23 |       |       ||    23
       Chain mail        |    15 |    64 |       ||    79
       Plate armour      |       |    86 |   444 ||   530
Dodge: Dodged            |    80 |    54 |    18 ||   152
Block: Buckler           |       |    20 |       ||    20
       Large shield      |       |     3 |   406 ||   409

Inventory:

Hand Weapons
 a - a +1 shortbow
   (You took it off a centaur on level 6 of the Dungeon)
 b - a +2 short sword of freezing (weapon)
   (You found it on level 1 of the Dungeon)
Missiles
 c - 200 arrows
 h - 5 tomahawks of dispersal (quivered)
 k - 30 bolts
 r - 4 tomahawks
Armour
 m - a +1 plate armour (worn)
   (You found it on level 3 of the Dungeon)
 o - a +0 large shield (worn)
   (You found it on level 4 of the Dungeon)
 s - a +0 pair of boots (worn)
   (You found it on level 7 of the Dungeon)
Jewellery
 d - a ring of protection from fire (right hand)
   (You found it on level 4 of the Dungeon)
 e - an amulet of regeneration (around neck)
   (You found it on level 2 of the Dungeon)
 g - an uncursed ring of wizardry
   (You found it on level 4 of the Dungeon)
 i - a ring of protection from fire (left hand)
   (You found it on level 4 of the Dungeon)
Wands
 l - a wand of polymorph (6)
   (You found it on level 6 of the Dungeon)
 p - a wand of iceblast (5)
   (You took it off Ijyb on level 3 of the Dungeon)
Scrolls
 f - 2 scrolls of fog
 j - a scroll of enchant armour
 n - 4 scrolls of remove curse
 t - 4 scrolls of teleportation {!r}
 y - a scroll of magic mapping
 B - 5 scrolls of blinking
Books
 q - a manual of Armour
   (You found it on level 6 of the Dungeon)


You were on level 8 of the Dungeon.
You worshipped Okawaru.
Okawaru was most pleased with you.
You were not hungry.

You visited 2 branches of the dungeon, and saw 9 of its levels.

You collected 464 gold pieces.

Dungeon Overview and Level Annotations

Branches:
Dungeon (8/15)             Temple (1/1) D:4
   Lair: D:8-11

Altars:
Dithmenos
Elyvilon
Okawaru
Sif Muna
Yredelemnul
The Shining One

#........ #........
#........ .### ##.......
...# ...... ...#
#.##########...#
...#.#..........#...####
...#.##........)@(.....#
.......c....c.##.......#
.(.####.#####.##)......#
...............#....####
...##.....#....#....#
##.##.....#....#....#
#.##.....#...!.....#
##.####........#.#..#
.#...............#..#


You could see a centaur.

Notes
Turn   | Place    | Note
-------+----------+-------------------------------------------
     0 | D:1      | theanonym the Mummy Warper began the quest for the Orb.
     0 | D:1      | Reached XP level 1. HP: 16/16 MP: 4/4
   143 | D:1      | Reached skill level 2 in Short Blades
   143 | D:1      | Reached XP level 2. HP: 17/23 MP: 5/5
   328 | D:1      | HP: 7/23 [hobgoblin/+0 club (5)]
   641 | D:1      | Reached XP level 3. HP: 21/28 MP: 7/7
   746 | D:1      | Reached skill level 3 in Fighting
  1155 | D:2      | Reached XP level 4. HP: 34/35 MP: 8/8
  1596 | D:2      | Reached skill level 3 in Short Blades
  2014 | D:3      | Reached skill level 4 in Fighting
  2014 | D:3      | Reached XP level 5. HP: 42/42 MP: 9/9
  2372 | D:3      | Reached XP level 6. HP: 28/49 MP: 10/10
  2498 | D:3      | Reached skill level 4 in Short Blades
  3002 | D:4      | Noticed Ijyb
  3045 | D:3      | Killed Ijyb
  3092 | D:3      | Reached skill level 5 in Fighting
  3247 | D:4      | HP: 24/51 [ogre/+0 giant club (16)]
  3250 | D:4      | Reached XP level 7. HP: 28/56 MP: 11/11
  3513 | D:4      | Reached skill level 6 in Fighting
  3524 | D:4      | Reached skill level 5 in Short Blades
  3746 | D:4      | Found a staircase to the Ecumenical Temple.
  3752 | Temple   | Entered the Ecumenical Temple
  3756 | Temple   | Became a worshipper of Warmaster Okawaru
  3892 | D:5      | Entered Level 5 of the Dungeon
  3892 | D:5      | Noticed Menkaure
  3894 | D:5      | Killed Menkaure
  3905 | D:5      | Found a basalt altar of Yredelemnul.
  4073 | D:5      | Reached XP level 8. HP: 54/65 MP: 12/12
  4136 | D:5      | Reached skill level 7 in Fighting
  4238 | D:5      | You fall through a shaft for 2 floors!
  4250 | D:7      | HP: 31/67 [wyvern zombie (5)]
  4261 | D:7      | HP: 22/67 [wyvern zombie (10)]
  4272 | D:6      | HP: 27/67 [bullfrog skeleton (1)]
  4277 | D:6      | HP: 25/67 [bullfrog skeleton (4)]
  4365 | D:6      | Reached skill level 6 in Short Blades
  4380 | D:6      | Reached * piety under Okawaru
  4421 | D:6      | HP: 33/67 [something (6)]
  5101 | D:6      | Reached skill level 1 in Invocations
  5319 | D:6      | Reached skill level 8 in Fighting
  5319 | D:6      | Reached skill level 1 in Bows
  5465 | D:6      | Noticed a hippogriff
  5494 | D:5      | Noticed Edmund
  5517 | D:5      | Killed Edmund
  5517 | D:5      | Reached ** piety under Okawaru
  5517 | D:5      | Reached skill level 2 in Invocations
  5779 | D:6      | HP: 23/68 [ogre/+0 giant club (16)]
  5781 | D:6      | Reached skill level 2 in Bows
  5893 | D:6      | Reached XP level 9. HP: 72/74 MP: 13/13
  5927 | D:6      | Identified the +3 dagger "Urir Boafa" {freeze, -Tele rC-
                  | rN+ Str+8} (You found it on level 6 of the Dungeon)
  6051 | D:6      | HP: 34/74 [hippogriff (6)]
  6557 | D:7      | Reached skill level 3 in Bows
  6716 | D:7      | Reached skill level 3 in Invocations
  7107 | D:7      | Learned a level 2 spell: Blink
  7111 | D:7      | Learned a level 3 spell: Lesser Beckoning
  7116 | D:7      | Learned a level 4 spell: Passage of Golubria
  7346 | D:7      | Reached skill level 4 in Bows
  7522 | D:8      | Reached *** piety under Okawaru
  7574 | D:8      | HP: 36/75 [killer bee (5)]
  7576 | D:8      | Reached skill level 9 in Fighting
  7576 | D:8      | Reached skill level 5 in Bows
  7877 | D:8      | HP: 36/76 [ogre/+0 giant club (10)]
  7879 | D:8      | HP: 17/76 [ogre/+0 giant club (13)]
  7953 | D:8      | HP: 34/76 [acid (15)]
  7954 | D:8      | Killed from afar by a centaur

Vanquished Creatures
  A hippogriff (D:6)
  Edmund (D:5)
  Menkaure (D:5)
  2 phantoms (D:5)
  A sky beast (D:6)
  5 ogres
  5 centaurs
  3 bullfrogs
  A big kobold (D:8)
  A wyvern zombie (D:7)
  4 scorpions
  6 killer bees
  3 crimson imps
  A bullfrog zombie (D:5)
  3 orc priests (D:3)
  3 hounds
  A quasit (D:5)
  A jelly (D:6)
  4 bullfrog skeletons
  3 iguanas
  2 centaur skeletons
  Ijyb (D:3)
  11 orc wizards
  5 worker ants
  3 hound skeletons
  10 adders
  3 gnolls (D:5)
  A shadow imp (D:7)
  2 oozes
  2 adder zombies
  4 worms
  3 dart slugs
  9 leopard geckos
  24 orcs
  3 ball pythons
  8 giant cockroaches
  11 goblins
  12 hobgoblins
  20 jackals
  4 quokkas
  5 bats
  9 frilled lizards
  8 kobolds
  A leopard gecko skeleton (D:7)
  A quokka skeleton (D:5)
  8 rats
220 creatures vanquished.

Vanquished Creatures (others)
  A fungus (D:8)
1 creature vanquished.

Grand Total: 221 creatures vanquished

Table legend:
 A = Turns spent in this place as a percentage of turns spent in the entire game.
 B = Non-inter-level travel turns spent in this place as a percentage of non-inter-level travel turns spent in the entire game.
 C = Inter-level travel turns spent in this place as a percentage of turns spent in this place.
 D = Turns resting spent in this place as a percentage of non-inter-level travel turns spent in this place.
 E = Turns spent auto-exploring this place as a percentage of non-inter-level travel turns spent in this place.
 F = Non-inter-level travel turns spent in this place divided by the number of levels of this place that you've seen.
                   A       B       C       D       E      F
               +-------+-------+-------+-------+-------+----------------------
         Total | 100.0 | 100.0 |   4.3 |  19.6 |  53.7 | 845.7
       Dungeon |  99.9 |  99.9 |   4.3 |  19.6 |  53.8 | 950.6
        Temple |   0.1 |   0.1 |  33.3 |   0.0 |  16.7 |   6.0
               +-------+-------+-------+-------+-------+----------------------
